 Dungeon Crawl Stone Soup version 0.27-a0-797-g27d10ad80f (webtiles) character file.

Game seed: 13838155242695887880

25 sahdkjhfkaj the Poker (level 3, -8/25 HPs)
             Began as a Tengu Chaos Knight on Mar 27, 2021.
             Was a Plaything of Xom.
             Mangled by a river rat (10 damage)
             ... on level 1 of the Dungeon.
             The game lasted 00:00:09 (662 turns).

sahdkjhfkaj the Poker (Tengu Chaos Knight)           Turns: 662, Time: 00:00:09

Health: -8/25      AC:  5    Str: 13    XL:     3   Next: 4%
Magic:  4/4        EV: 11    Int: 12    God:    Xom [...*..]
Gold:   37         SH:  0    Dex: 13    Spells: 2/2 levels left

rFire    . . .     SeeInvis .   a - +0 spear (chaos)
rCold    . . .     Faith    .   (no shield)
rNeg     . . .     Spirit   .   b - +2 leather armour
rPois    .         Reflect  .   (helmet restricted)
rElec    .         Harm     .   (no cloak)
rCorr    .         Rampage  .   (no gloves)
Will     .....                  (boots unavailable)
Stlth    +.........             (no amulet)
HPRegen  0.08/turn              (no ring)
MPRegen  0.09/turn              (no ring)

@: no status effects
A: beak, talons 3, robust 1
a: Renounce Religion


You were on level 1 of the Dungeon.
You worshipped Xom.
You were a favourite toy of Xom.
You visited 1 branch of the dungeon, and saw 1 of its levels.

You collected 37 gold pieces.

Inventory:

Hand Weapons
 a - a +0 spear of chaos (weapon)
Armour
 b - a +2 leather armour (worn)
Scrolls
 c - a scroll of silence {unknown}
 f - a scroll of identify {unknown}
Potions
 d - a potion of curing {unknown}
 e - a potion of mutation {unknown}


   Skills:
 + Level 3.6 Fighting
 + Level 4.0 Polearms
 - Level 2.1 Armour
 - Level 1.1 Dodging


You had 2 spell levels left.
You didn't know any spells.
Your spell library was empty.

Dungeon Overview and Level Annotations

Branches:
Dungeon (1/15)

Altars:


Innate Abilities, Weirdness & Mutations

You have a beak for a mouth.
You have claws for feet.
You are robust. (+10% HP)


Message History

A river rat is nearby!
A river rat is nearby!
A river rat is nearby!
You are too injured to fight recklessly!
You are too injured to fight recklessly!
You are too injured to fight recklessly!
You are too injured to fight recklessly!
You are too injured to fight recklessly!
You are too injured to fight recklessly!
You are too injured to fight recklessly!
You are too injured to fight recklessly!
You are too injured to fight recklessly!
You are too injured to fight recklessly!
You are too injured to fight recklessly!
You are too injured to fight recklessly!
You are too injured to fight recklessly!
You are too injured to fight recklessly!
You are too injured to fight recklessly!
You are too injured to fight recklessly!
You are too injured to fight recklessly!
You are too injured to fight recklessly!
You are too injured to fight recklessly!
You are too injured to fight recklessly!
You are too injured to fight recklessly!
You are too injured to fight recklessly!
You are too injured to fight recklessly!
You are too injured to fight recklessly!
A river rat is nearby!
A river rat is nearby!
A river rat is nearby!
A river rat is nearby!
A river rat is nearby!
A river rat is nearby!
A river rat is nearby!
A river rat is nearby!
You hit the river rat but do no damage.
You claw the river rat, but do no damage.
The river rat is severely wounded.
The river rat bites you!
You die...

b# ##.##
#)##.#.#.##.##.## b# #.#
#.##............. .# #.#
#.##.....#####.#. ###
#.# #........# #.#.
..####.##
#####...######...
.........
####.####....P♣
#.#.##### #
#............♣♣ #.#.#
#####.####>##.####...P.♣
#...#
.?.....@...#...........P
#...#
......r....#..####.###.P
#.#.# ......####.#..#
#.# ## #.#.# #####.#
##.#..####.#
#.#.##########.#
#.......##.#
#.#............#
#.#####.##.#
#.#######......###.# .#
#.# #..#........# #.#
#.# #.......###.# #.#


You could see a river rat (fast, strong).

Vanquished Creatures
  A dart slug (D:1)
  3 endoplasms (D:1)
  3 goblins (D:1)
  3 hobgoblins (D:1)
  2 jackals (D:1)
  2 ball pythons (D:1)
  3 bats (D:1)
  A frilled lizard (D:1)
  2 kobolds (D:1)
20 creatures vanquished.

Notes
Turn   | Place    | Note
-------+----------+-------------------------------------------
     0 | D:1      | sahdkjhfkaj the Tengu Chaos Knight began the quest for the
                  | Orb.
     0 | D:1      | Reached XP level 1. HP: 14/14 MP: 2/2
    30 | D:1      | XOM: silly message
   206 | D:1      | XOM: give mutation
   206 | D:1      | Gained mutation: You are robust. (+10% HP) [Xom's grace]
   209 | D:1      | Reached XP level 2. HP: 19/20 MP: 3/3
   402 | D:1      | XOM: polymorph hobgoblin -> kobold
   603 | D:1      | XOM: scenery: summon butterflies
   636 | D:1      | Reached XP level 3. HP: 25/25 MP: 4/4
   651 | D:1      | Reached skill level 4 in Polearms
   662 | D:1      | Mangled by a river rat

Illustrated notes

Levels and vault maps discovered:
D:1:      evilmike_arrival_crescent, layout_loops_ring, serial_forest,
          infiniplex_forest_clump_long, infiniplex_forest_lined_2,
          infiniplex_forest_clump_large, infiniplex_forest_clump_tiny,
          infiniplex_forest_lined_3, infiniplex_forest_straight_3,
          infiniplex_forest_clump_small, chequers_jeans, minmay_misc_feat_rugged

Skill      XL: |  1  2  3 |
---------------+----------+-----
Polearms       | 4 |  4.0
Fighting       | |  3.6
Armour         | |  2.1
Dodging        | |  1.1

Action                   || total
-------------------------++-------
Melee: Spear             ||    55
       Kick              ||    12
       Peck              ||     8
 Stab: Sleeping          ||     1
Armor: Leather armour    ||    12
Dodge: Dodged            ||    19

Table legend: (Time is in decaauts)
 A = Elapsed time spent in this place.
 B = Non-inter-level travel time spent in this place.
 C = Inter-level travel time spent in this place.
 D = Time resting spent in this place.
 E = Time spent auto-exploring this place.
 F = Levels seen in this place.
 G = Mean time per level.
                   A        B        C        D        E       F      G
               +--------+--------+--------+--------+--------+-----+--------+
         Total |    657 |    657 |      0 |      0 |    548 |   1 |  657.0 |
       Dungeon |    657 |    657 |      0 |      0 |    548 |   1 |  657.0 |
               +--------+--------+--------+--------+--------+-----+--------+

Top non-repeatable levels by time:
     D:1: 657 daAuts
